 Dungeon Crawl Stone Soup version 0.32-a0-540-g866d13106e (webtiles) character file.

Game seed: 11253998570136266104

11 ytrimaz the Chopper (level 2, -2/24 HPs)
             Began as a Coglin Berserker on Feb 29, 2024.
             Was a Follower of Trog.
             Slain by a gnoll
             ... wielding a +0 club
              (7 damage)
             ... on level 1 of the Dungeon.
             The game lasted 00:00:32 (336 turns).

ytrimaz the Chopper (Coglin Berserker)               Turns: 336, Time: 00:00:32

Health: -2/24      AC:  2    Str: 17    XL:     2   Next: 29%
Magic:  2/2        EV: 12    Int:  6    God:    Trog [*.....]
Gold:   7          SH:  0    Dex: 13    Spells: 1/1 levels left

rFire   . . .        a - +0 hand axe {Baqqanum}
rCold   . . .        (no shield)
rNeg    . . .        b - +0 animal skin
rPois   .            (no helmet)
rElec   .            (no cloak)
rCorr   .            (no gloves)
SInv    .            (no boots)
Will    .....        (no amulet)
Stlth   +            (ring unavailable)
HPRegen 0.24/turn    (ring unavailable)
MPRegen 0.08/turn

%: no passive effects
@: revved
A: off-hand wielding, slow wielding, warmup strikes, no rings
a: Renounce Religion, Berserk


You were on level 1 of the Dungeon.
You worshipped Trog.
Trog was aware of your devotion.
You visited 1 branch of the dungeon, and saw 1 of its levels.

You collected 7 gold pieces.


Innate Abilities, Weirdness & Mutations

You can wield a second weapon in your off-hand.
It takes a long time for you to wield or remove held weapons.
Your first few attacks do less damage.
Your grasper-arms cannot wear rings.


   Skills:
 + Level 3.2 Fighting
 + Level 3.2 Axes
 + Level 2.0 Armour
 - Level 1.7 Dodging


You had one spell level left.
You didn't know any spells.
Your spell library was empty.

Inventory:

Hand Weapons
 a - a +0 hand axe (weapon) {Baqqanum}
Armour
 b - a +0 animal skin (worn)
Scrolls
 c - a scroll of immolation {unknown}
 d - a scroll of amnesia {unknown}

Dungeon Overview and Level Annotations

Branches:
Dungeon (1/15) Zot: 5658

Altars:

#.#.######.#.. #..#..#
#..........#.. ...#.(##
###.######.##.# ..##...###.
....####....#..####........#
##...........(..........####
...........+..g.......>.#
#..........####.l...#...#
#..#####... #.K####...# #..#
.. #.@$......# #..### #
#g#####...# #....# #. ...
#.##.# ## ### #.##.# #.##.#
#.##.# #.##.# #.##.#


You could see a gnoll, a hobgoblin, a kobold and a frilled lizard.


Message History

You now have 24 max hp (+6).
You regained 5 hp, and now have 18/24 hp.
Your mp is fully restored (2).
You see here a quokka corpse. 😕 HP[+1]
Found a stone staircase leading down. 😎 HP[+5]
Your hp is fully restored (24).
c - a scroll labelled OTRURPH UFEME Key pressed, stopping explore.
d - a scroll labelled JUOGUD NYERPHI You now have 7 gold pieces.
A rat comes into view.
A rat is nearby!
A rat is nearby!
A quokka comes into view.
The rat squeaks loudly.
The quokka completely misses you.
You hit the rat. You hit the quokka. The quokka bites you.
The rat barely misses you. The quokka bites you. 😕 HP[-2]
You take 2 damage, and now have 22/24 hp.
You hit the rat.
You kill the rat!
Trog accepts your kill.
You hit the quokka.
You kill the quokka!
Trog accepts your kill.
A frilled lizard comes into view.
A kobold comes into view. It is wielding a +0 short sword.
You see here a rat corpse. 😕 HP[+1]
There are monsters nearby!
There are monsters nearby!
The kobold shouts!
The frilled lizard hisses angrily.
You closely miss the kobold. The kobold hits you but does no damage.
You miss the kobold.
The kobold hits you with a +0 short sword. 😕 HP[-1]
You take 1 damage, and now have 22/24 hp.
You hit the kobold.
You kill the kobold!
Trog accepts your kill.
Found a stone staircase leading down.
The frilled lizard bites you.
Things that are here:
a +0 short sword; a kobold corpse; 😕 HP[-1]
You take 1 damage, and now have 21/24 hp.
You closely miss the frilled lizard. The frilled lizard bites you.
An endoplasm comes into view.
The frilled lizard misses you. 😕 HP[-1]
You take 1 damage, and now have 20/24 hp.
You closely miss the frilled lizard.
The frilled lizard completely misses you. 😕 HP[+1]
The endoplasm quivers.
You hit the frilled lizard.
You kill the frilled lizard!
Trog accepts your kill.
You see here a frilled lizard corpse.
You hit the endoplasm. The endoplasm freezes you.
You are frozen. 😮 HP[-4]
You take 4 damage, and now have 17/24 hp.
You slash the endoplasm!
You kill the endoplasm!
Trog accepts your kill. 😮 HP[+1]
Things that are here:
a +0 short sword; a kobold corpse A gnoll comes into view.
It is wielding a +0 club. 😎 HP[+6]
Your hp is fully restored (24).
A gnoll is nearby!
A gnoll is nearby!
A gnoll is nearby!
A kobold comes into view. It is wielding a +0 short sword.
A frilled lizard comes into view.
The kobold shouts!
You hear a shout!
A hobgoblin comes into view.
The frilled lizard hisses angrily.
The gnoll hits you with a +0 club! 😮 HP[-7]
You take 7 damage, and now have 17/24 hp.
MASSIVE DAMAGE!! (PAUSE)
You barely miss the gnoll. The gnoll barely misses you. 😮 HP[+1]
You hit the gnoll.
The gnoll hits you with a +0 club. 😮 HP[-2]
You take 2 damage, and now have 16/24 hp.
You completely miss the gnoll. The gnoll hits you with a +0 club.
* * * LOW HITPOINT WARNING * * *
The gnoll hits you with a +0 club!
* * * LOW HITPOINT WARNING * * *
😱 HP[-11]
You take 11 damage, and now have 5/24 hp.
MASSIVE DAMAGE!! (PAUSE)
You hit the gnoll. The gnoll hits you with a +0 club!
You die...

Skill      XL: |  1 |
---------------+----+-----
Armour         | 2 |  2.0
Fighting       | |  3.2
Axes           | |  3.2
Dodging        | |  1.7

Action                     || total
---------------------------++-------
  Melee: Hand axe          ||    26
   Stab: Sleeping          ||     1
 Armour: Animal skin       ||    24
  Dodge: Dodged            ||    17

Levels and vault maps discovered:
D:1:      lightli_arrival_flooded_house, layout_basic,
          shapermc_ecumenical_altar_mp_highgroup, minmay_close_crescents

Notes
Turn   | Place    | Note
-------+----------+-------------------------------------------
     0 | D:1      | ytrimaz the Coglin Berserker began the quest for the Orb.
     0 | D:1      | Reached XP level 1. HP: 18/18 MP: 1/1
     0 | D:1      | magus.rc [v1.9.6]
   163 | D:1      | Reached skill level 2 in Armour
   163 | D:1      | Reached XP level 2. HP: 18/24 MP: 2/2
   335 | D:1      | HP: 5/24 [gnoll/+0 club (7)]
   336 | D:1      | Slain by a gnoll

Vanquished Creatures
  An endoplasm (D:1)
  A goblin (D:1)
  3 kobolds (D:1)
  2 quokkas (D:1)
  A bat (D:1)
  2 frilled lizards (D:1)
  A rat (D:1)
11 creatures vanquished.

Table legend:
 A = Non-vault XP
 B = Vault XP
 C = Vault XP percentage of total XP
 D = Non-vault monster count
 E = Vault monster count
 F = Vault count percentage of total count
                 A         B        C        D         E       F
            +---------+---------+-------+---------+---------+-------
      Total |      15 |       2 |  11.8 |      10 |       1 |   9.1
            +---------+---------+-------+---------+---------+-------
        D:1 |      15 |       2 |  11.8 |      10 |       1 |   9.1
            +---------+---------+-------+---------+---------+-------

Skill      XL: |  1 |
---------------+----+-----
Armour         | 2 |  2.0
Fighting       | |  3.2
Axes           | |  3.2
Dodging        | |  1.7

Action                     || total
---------------------------++-------
  Melee: Hand axe          ||    26
   Stab: Sleeping          ||     1
 Armour: Animal skin       ||    24
  Dodge: Dodged            ||    17

Illustrated notes

Table legend:
 A = Kills in this place as a percentage of kills in the entire game.
 B = Kills by you in this place as a percentage of kills by you in the entire game.
 C = Kills by friends in this place as a percentage of kills by friends in the entire game.
 D = Other kills in this place as a percentage of other kills in the entire game.
 E = Experience gained in this place as a percentage of experience gained in the entire game.
 F = Experience gained in this place divided by the number of levels of this place that you have seen.
                   A       B       C       D       E      F
               +-------+-------+-------+-------+-------+----------------------
         Total | 100.0 | 100.0 |   N/A |   N/A | 100.0 |  17.0
       Dungeon | 100.0 | 100.0 |   N/A |   N/A | 100.0 |  17.0
               +-------+-------+-------+-------+-------+----------------------

Table legend: (Time is in decaauts)
 A = Elapsed time spent in this place.
 B = Non-inter-level travel time spent in this place.
 C = Inter-level travel time spent in this place.
 D = Time resting spent in this place.
 E = Time spent auto-exploring this place.
 F = Levels seen in this place.
 G = Mean time per level.
                   A        B        C        D        E       F      G
               +--------+--------+--------+--------+--------+-----+--------+
         Total |    340 |    340 |      0 |      0 |    266 |   1 |  340.0 |
       Dungeon |    340 |    340 |      0 |      0 |    266 |   1 |  340.0 |
               +--------+--------+--------+--------+--------+-----+--------+

Top non-repeatable levels by time:
     D:1: 340 daAuts
